 Dungeon Crawl Stone Soup version 0.27.1-1-g398f81649c (webtiles) character file.

Game seed: 17180433457237553631

0 MisterFreud the Fighter (level 1, 0/26 HPs)
             Began as a Gnoll Wanderer on Sept 21, 2021.
             Frozen to death by an endoplasm (3 damage)
             ... on level 2 of the Dungeon.
             The game lasted 00:00:48 (51 turns).

MisterFreud the Fighter (Gnoll Wanderer)              Turns: 51, Time: 00:00:48

Health: 0/26       AC:  2    Str: 12    XL:     1   Next: 10%
Magic:  1/1        EV: 11    Int: 13    God:
Gold:   6          SH:  0    Dex:  8    Spells: 0/0 levels left

rFire    . . .     SeeInvis .   a - +0 short sword
rCold    . . .     Faith    .   (no shield)
rNeg     . . .     Spirit   .   c - +0 robe
rPois    .         Reflect  .   (no helmet)
rElec    .         Harm     .   (no cloak)
rCorr    .         Rampage  .   (no gloves)
Will     .....                  (no boots)
Stlth    +.........             (no amulet)
HPRegen  0.08/turn              (no ring)
MPRegen  0.07/turn              (no ring)

@: no status effects
A: fangs 1, strong nose, distributed training
a: no special abilities


You were on level 2 of the Dungeon.
You visited 1 branch of the dungeon, and saw 2 of its levels.

You collected 6 gold pieces.

Inventory:

Hand Weapons
 a - a +0 short sword (weapon)
Armour
 c - a +0 robe (worn)
Miscellaneous
 b - a piece from Xom's chessboard (15/15)


   Skills:
 + Level 8.4 Fighting
 + Level 0.0 Short Blades
 + Level 0.0 Long Blades
 + Level 0.0 Axes
 + Level 0.0 Maces & Flails
 + Level 2.3 Polearms
 + Level 0.0 Staves
 + Level 0.0 Slings
 + Level 0.0 Bows
 + Level 0.0 Crossbows
 + Level 0.0 Throwing
 + Level 0.0 Armour
 + Level 0.0 Dodging
 + Level 0.0 Stealth
 + Level 2.3 Shields
 + Level 0.0 Unarmed Combat
 + Level 0.0 Spellcasting
 + Level 0.0 Conjurations
 + Level 0.0 Hexes
 + Level 1.9 Summonings
 + Level 0.0 Necromancy
 + Level 0.0 Translocations
 + Level 0.0 Transmutations
 + Level 0.0 Fire Magic
 + Level 3.6 Ice Magic
 + Level 0.0 Air Magic
 + Level 0.0 Earth Magic
 + Level 0.0 Poison Magic
 + Level 0.0 Invocations
 + Level 2.3 Evocations


You couldn't memorise any spells.
You knew the following spells:

 Your Spells              Type           Power      Damage    Failure   Level
a - Magic Dart            Conj           0%         1d3       30%         1

Your spell library contained the following spells:

 Spells                   Type           Power      Damage    Failure   Level
 Call Imp                 Summ           5%         N/A       22%         2
 Blink                    Tloc           N/A        N/A       43%         2
 Slow                     Hex            0%         N/A       43%         2
 Conjure Flame            Conj/Fire      0%         6-21      67%         3
 Mephitic Cloud           Conj/Pois/Air  0%         N/A       67%         3


Dungeon Overview and Level Annotations

Branches:
Dungeon (1/15)

Altars:


Innate Abilities, Weirdness & Mutations

You have very sharp teeth.
Your uncanny sense of smell can sniff out nearby items.
Your experience applies equally to all skills.


Message History

The bat is moderately wounded.
The bat closely misses you. The bat misses you.
The endoplasm closely misses you. The bat hits you.
You closely miss the bat. Your bite misses the bat.
The bat is moderately wounded.
The bat barely misses you. The endoplasm closely misses you.
You completely miss the bat.
The bat is moderately wounded.
The bat barely misses you. The bat closely misses you.
The endoplasm freezes you.
You are frozen.
You barely miss the bat.
The bat is moderately wounded.
The bat barely misses you. The bat hits you.
* * * LOW HITPOINT WARNING * * *
The endoplasm freezes you.
You are frozen.
* * * LOW HITPOINT WARNING * * *
It was a potion of curing.
You feel better. The bat barely misses you. The endoplasm closely misses you.
You hit the bat.
You kill the bat!
The bat hits you but does no damage. The endoplasm freezes you.
You are frozen.
The bat barely misses you.
You hit the goblin.
The goblin is moderately wounded.
The endoplasm freezes you.
You are frozen.
The goblin hits you with a +0 dagger.
* * * LOW HITPOINT WARNING * * *
You hit the goblin but do no damage. Your bite misses the goblin.
The goblin is moderately wounded.
The endoplasm closely misses you.
An endoplasm comes into view.
The goblin hits you with a +0 dagger.
* * * LOW HITPOINT WARNING * * *
The endoplasm freezes you.
You are frozen.
You die...

######### ##.
#.......# ...
......... #..
#.......# >..
#^......#
###.#+#####.......#
......wJ@gb......+
##.#.#####l......#
#..S.lg.........#
####'#####..J....#
#.......w........#
#................#
#..lJ............#
###...####.......#
#..## #.......#


You could see a worm, 2 endoplasms, a goblin, a bat and a frilled lizard.

Vanquished Creatures
  A bat (D:2)
1 creature vanquished.

Notes
Turn   | Place    | Note
-------+----------+-------------------------------------------
     0 | D:1      | MisterFreud the Gnoll Wanderer began the quest for the Orb.
     0 | D:1      | MisterFreud set off with the following items: a +0 short
                  | sword, a piece from Xom's chessboard (15/15), a +0 robe;
                  | and the following spell memorised: Magic Dart; and the
                  | following spells available to memorise: Call Imp, Blink,
                  | Slow, Conjure Flame, Mephitic Cloud
     0 | D:1      | Reached XP level 1. HP: 26/26 MP: 1/1
    16 | D:1      | Found a faded altar of an unknown god.
    21 | D:1      | You fall into a shaft and drop 1 floor!
    51 | D:2      | Frozen to death by an endoplasm

Illustrated notes

Levels and vault maps discovered:
D:1:      mrwooster_arrival_statue_3, layout_loops_ring, basic_ecumenical_altar
D:2:      layout_basic

Action                   || total
-------------------------++-------
Melee: Short sword       ||    11
  Use: Potion            ||     1
Armor: Robe              ||    17
Dodge: Dodged            ||    23
